 Dungeon Crawl Stone Soup version 0.30.1-11-g7821555f0a (webtiles) character file.

Game seed: 13873868738401180020

73 Martska the Trooper (level 4, -8/37 HPs)
             Began as a Demonspawn Fighter on Dec 13, 2023.
             Mangled by Crazy Yiuf
             ... wielding a +2 quarterstaff of chaos
              (10 damage)
             ... on level 2 of the Dungeon.
             The game lasted 00:01:20 (1279 turns).

Martska the Trooper (Demonspawn Fighter)            Turns: 1279, Time: 00:01:21

Health: -8/37      AC:  6    Str: 18    XL:     4   Next: 8%
Magic:  4/4        EV:  9    Int: 10    God:
Gold:   103        SH:  4    Dex: 12    Spells: 3/3 levels left

rFire   . . .        e - +3 hand axe (freeze)
rCold   . . .        c - +0 buckler
rNeg    . . .        b - +0 scale mail
rPois   .            (no helmet)
rElec   .            (no cloak)
rCorr   .            (no gloves)
SInv    .            (no boots)
Will    .....        (no amulet) Stlth
                     (no ring)
HPRegen 0.26/turn    (no ring)
MPRegen 0.09/turn

%: no passive effects
@: no status effects
A: powered by pain 2
a: no special abilities


You were on level 2 of the Dungeon.
You visited 1 branch of the dungeon, and saw 2 of its levels.

You collected 103 gold pieces.

Inventory:

Hand Weapons
 a - a +0 trident
 e - a +3 hand axe of freezing (weapon)
Armour
 b - a +0 scale mail (worn)
 c - a +0 buckler (worn)
Scrolls
 f - 2 scrolls of identify {unknown}
 g - 2 scrolls of enchant armour {unknown}
 i - a scroll of magic mapping {unknown}
 l - a scroll of fog {unknown}
 m - a scroll of silence {unknown}
 n - a scroll of torment {unknown}
 p - a scroll of noise {unknown}
 q - a scroll of teleportation {unknown}
 r - a scroll of brand weapon {unknown}
Potions
 d - a potion of might
 h - 2 potions of haste {unknown}
 j - 2 potions of invisibility {unknown}
 k - a potion of attraction {unknown}
 o - a potion of curing {unknown}


   Skills:
 * Level 3.6 Fighting
 + Level 1.0(1.5) Axes
 - Level 1.7(1.9) Polearms
 + Level 3.0 Armour
 * Level 1.6 Dodging
 + Level 3.0 Shields


You had 3 spell levels left.
You didn't know any spells.
Your spell library contained the following spells:

 Spells                   Type           Power      Damage    Failure   Level
 Cigotuvi's Dreadful Rot  Necr/Pois/Air  0%         N/A       92%         2
 Dispel Undead            Necr           0%         3d6       100%        4
 Death Channel            Necr           0%         N/A       100%        6


Dungeon Overview and Level Annotations

Branches:
Dungeon (2/15)

Altars:

Annotations:
D:2 Crazy Yiuf


Innate Abilities, Weirdness & Mutations

You sometimes gain power by taking damage.


Message History

You now have 103 gold pieces (gained 9).
r - a scroll labelled EPNARAO OMUNK As you open the door, it creaks loudly!
There is an open door here.
There is an open door here.
You see here a bat corpse.
You open the door.
There is an open door here.
Crazy Yiuf shouts!
Crazy Yiuf says, "Leather foot turtle!"
Crazy Yiuf laughs, "Powder!"
No reachable target in view!
No reachable target in view!
No reachable target in view!
No reachable target in view!
No reachable target in view!
No reachable target in view!
No reachable target in view!
No reachable target in view!
No reachable target in view!
No reachable target in view!
As you open the door, it creaks loudly!
You hit Crazy Yiuf. You freeze Crazy Yiuf.
Crazy Yiuf is moderately wounded.
Crazy Yiuf hits you with a +2 quarterstaff of chaos. x2
You are electrocuted!
You barely miss Crazy Yiuf.
Crazy Yiuf is moderately wounded.
Crazy Yiuf hits you with a +2 quarterstaff of chaos!
* * * LOW HITPOINT WARNING * * *
You hit Crazy Yiuf. You freeze Crazy Yiuf.
Crazy Yiuf is severely wounded.
Crazy Yiuf barely misses you.
You closely miss Crazy Yiuf.
Crazy Yiuf is severely wounded.
Crazy Yiuf barely misses you.
Crazy Yiuf drinks a potion.
Crazy Yiuf is healed!
You slash Crazy Yiuf! You freeze Crazy Yiuf.
Crazy Yiuf is severely wounded.
Crazy Yiuf hits you with a +2 quarterstaff of chaos!
You die...

###.# #...#
#....... ##...#
#...# #.......
#..### #####
####..## #.##
#..## #.# #...#
##.# #.#.#
#..##♣♣ ### #.#.#
#...#.♣♣ ♣♣#..)#
#....
#......♣♣♣♣@g...#
#.##.
##......♣..♣#...#
#.##. ##.#P.♣.♣♣♣
### #.##.
###♣♣♣♣♣ #.##.
######.##.
#####....#.###
#........#†#
#........#.###
#............#


You could see Crazy Yiuf.

Vanquished Creatures
  3 adders (D:2)
  2 dart slugs
  4 bats
  5 endoplasms
  3 giant cockroaches
  2 goblins (D:1)
  9 hobgoblins
  2 jackals (D:1)
  A quokka (D:1)
  A ball python (D:2)
  2 frilled lizards (D:1)
  A kobold (D:2)
  3 rats
38 creatures vanquished.

Notes
Turn   | Place    | Note
-------+----------+-------------------------------------------
     0 | D:1      | Martska the Demonspawn Fighter began the quest for the Orb.
     0 | D:1      | Reached XP level 1. HP: 18/18 MP: 1/1
   238 | D:1      | Gained mutation: You sometimes gain a little power by
                  | taking damage. [demonic ancestry]
   238 | D:1      | Reached XP level 2. HP: 20/24 MP: 2/2
   254 | D:1      | Reached skill level 1 in Dodging
   729 | D:2      | Gained mutation: You sometimes gain power by taking damage.
                  | [demonic ancestry]
   729 | D:2      | Reached XP level 3. HP: 29/29 MP: 3/3
   861 | D:2      | Found a runed translucent door.
   862 | D:2      | Noticed Crazy Yiuf
  1043 | D:2      | Reached skill level 1 in Axes
  1043 | D:2      | Reached XP level 4. HP: 35/36 MP: 4/4
  1276 | D:2      | HP: 1/37 [Crazy Yiuf/+2 quarterstaff of chaos (12)]
  1279 | D:2      | Mangled by Crazy Yiuf

Illustrated notes

Levels and vault maps discovered:
D:1:      lemuel_arrival_rhombus, layout_rooms, serial_rivers,
          chequers_serial_rivers_small_b, chequers_serial_rivers_small_3,
          chequers_serial_rivers_room_b, chequers_serial_rivers_room_b,
          chequers_serial_rivers_room_a, chequers_serial_rivers_large_a
D:2:      layout_basic, uniq_crazy_yiuf_cottage

Skill      XL: |  1  2  3 |
---------------+----------+-----
Dodging        | 1 |  1.6
Armour         | 3 |  3.0
Axes           | 1 |  1.0
Shields        | 3 |  3.0
Fighting       | |  3.6
Polearms       | |  1.7

Action                     |  1- 3 |  4- 6 || total
---------------------------+-------+-------++-------
  Melee: Hand axe          |    59 |    11 ||    70
 Armour: Scale mail        |    25 |     7 ||    32
  Dodge: Dodged            |    16 |     4 ||    20
  Block: Buckler           |    11 |     4 ||    15
